 Dungeon Crawl Stone Soup version 0.22-a0-469-gf26638a (webtiles) character file.

191 gmonis the Skirmisher (level 5, -7/70 HPs)
             Began as a Minotaur Berserker on June 11, 2018.
             Was a Believer of Trog.
             Mangled by Zephyerz's ghost (16 damage)
             ... on level 4 of the Dungeon on June 12, 2018.
             The game lasted 00:04:04 (3017 turns).

gmonis the Skirmisher (Minotaur Berserker)          Turns: 3017, Time: 00:04:05

Health: -7/70      AC:  3    Str: 27    XL:     5   Next: 42%
Magic:  4/4        EV: 13    Int:  4    God:    Trog [**....]
Gold:   153        SH:  0    Dex: 10    Spells: 4/4 levels left

rFire    + . .     SeeInvis .   a - +0 mace
rCold    + . .     Gourm    .   (no shield)
rNeg     . . .     Faith    .   b - +0 animal skin
rPois    +         Spirit   .   (helmet restricted)
rElec    +         Reflect  .   (no cloak)
rCorr    +         Harm     .   n - +0 pair of gloves
MR       .....                  (no boots)
Stlth    ..........             (no amulet)
HPRegen  0.21/turn              (no ring)
MPRegen  0.09/turn              (no ring)

@: berserking, resistant, very quick
A: retaliatory headbutt, horns 2
a: Berserk, Trog's Hand, Renounce Religion


You were on level 4 of the Dungeon.
You worshipped Trog.
Trog was pleased with you.
You were near starving.

You visited 1 branch of the dungeon, and saw 4 of its levels.

You collected 153 gold pieces.

Inventory:

Hand Weapons
 a - a +0 mace (weapon)
Missiles
 h - 95 stones (quivered)
Armour
 b - a +0 animal skin (worn)
 n - a +0 pair of gloves (worn)
Jewellery
 m - a cursed ring of protection from magic {unknown}
 t - an uncursed ring of fire {unknown}
Wands
 s - a wand of scattershot (6)
Scrolls
 e - 2 scrolls of remove curse {unknown}
 g - a scroll of enchant weapon {unknown}
 i - 6 scrolls of identify {unknown}
 k - a scroll of random uselessness {unknown}
 o - a scroll of magic mapping {unknown}
 r - a scroll of amnesia {unknown}
 u - a scroll of enchant armour {unknown}
 v - a scroll of fog {unknown}
Potions
 d - a potion of resistance
 f - a potion of curing
 j - a potion of degeneration {unknown}
 l - a potion of might {unknown}
 p - a potion of magic {unknown}
 q - a potion of flight {unknown}
Comestibles
 c - 3 rations


   Skills:
 + Level 4.8 Fighting
 + Level 4.8 Maces & Flails
 + Level 3.9 Armour
 + Level 3.6 Dodging


You had 4 spell levels left.
You didn't know any spells.
Your spell library was empty.

Dungeon Overview and Level Annotations

Branches:
Dungeon (4/15)
 Temple: D:4-7

Altars:
Dithmenos
Elyvilon
Fedhas
Makhleb
Qazlal
Sif Muna
Trog
Uskayaw
Vehumet
Wu Jian
Yredelemnul

Annotations:
D:4 Zephyerz's ghost, novice HuWn


Innate Abilities, Weirdness & Mutations

You reflexively headbutt those who attack you in melee.
You have a pair of horns on your head.


Message History

Zephyerz's ghost closely misses you. You furiously retaliate!
You headbutt Zephyerz's ghost, but do no damage.
You hit Zephyerz's ghost but do no damage.
Your headbutt misses Zephyerz's ghost.
Zephyerz's ghost is lightly damaged.
Zephyerz's ghost closely misses you.
A red film seems to cover your vision as you go berserk!
You feel yourself moving faster!
You feel mighty!
You are near starving!
Zephyerz's ghost hits you but does no damage.
You barely miss Zephyerz's ghost. Your headbutt misses Zephyerz's ghost.
Zephyerz's ghost is lightly damaged.
Zephyerz's ghost hits you!
* * * LOW HITPOINT WARNING * * *
You sock Zephyerz's ghost!
Zephyerz's ghost is moderately damaged.
You hit Zephyerz's ghost but do no damage.
Zephyerz's ghost is moderately damaged.
Zephyerz's ghost hits you!
You die...

#.... #..... .##. ..
....##....####.....
..##...#..............
.......#.............. .
.......#.............(
... ......#..........(...
....####.................
.........)...............
#.....)@................
.......W#.#........######
........#.#..............
.........(............>..
....#......#.............
....#......#....###......
### ............###......
...........#..........
..###.........


You could see Zephyerz's ghost.

Vanquished Creatures
  An orc priest (D:4)
  An orc wizard (D:3)
  A howler monkey zombie (D:3)
  4 adders
  2 oozes
  3 worms
  6 orcs
  5 bats
  2 giant cockroaches (D:3)
  9 goblins
  4 hobgoblins
  4 jackals
  3 ball pythons
  8 frilled lizards
  5 kobolds
  9 rats
67 creatures vanquished.

Notes
Turn   | Place    | Note
-------+----------+-------------------------------------------
     0 | D:1      | gmonis the Minotaur Berserker began the quest for the Orb.
     0 | D:1      | Reached XP level 1. HP: 19/19 MP: 0/0
   136 | D:1      | Reached XP level 2. HP: 27/27 MP: 1/1
   445 | D:1      | Reached ** piety under Trog
   698 | D:2      | Reached XP level 3. HP: 32/33 MP: 2/2
  1029 | D:2      | Found a burning altar of Makhleb.
  1031 | D:2      | Found a stormy altar of Qazlal.
  1038 | D:2      | Found a bloodstained altar of Trog.
  1038 | D:2      | Found an ornate altar of the Wu Jian Council.
  1039 | D:2      | Found a blossoming altar of Fedhas.
  1039 | D:2      | Found a radiant altar of Vehumet.
  1040 | D:2      | Found a basalt altar of Yredelemnul.
  1041 | D:2      | Found a shadowy altar of Dithmenos.
  1042 | D:2      | Found a deep blue altar of Sif Muna.
  1043 | D:2      | Found a hide-covered altar of Uskayaw.
  1117 | D:2      | Found a white marble altar of Elyvilon.
  1736 | D:3      | Reached XP level 4. HP: 28/40 MP: 3/3
  2534 | D:3      | Reached XP level 5. HP: 37/47 MP: 4/4
  3002 | D:4      | Noticed Zephyerz's ghost (novice HuWn)
  3017 | D:4      | Mangled by Zephyerz's ghost

Vault maps used:
D:1:      saegor_arrival_under_anarchy
D:2:      minitemple, hangedman_decor_lopped, elyvilon_altar_5
D:4:      first_ration, nrook_loot_triangle

Skill      XL: |  1  2  3 |
---------------+----------+-----
Fighting       | 4 |  4.8
Maces & Flails | 4 |  4.8
Armour         | 3 |  3.9
Dodging        | 3 |  3.6

Action                   |  1- 3 |  4- 6 || total
-------------------------+-------+-------++-------
Melee: Mace              |    64 |    57 ||   121
       Headbutt          |    11 |    10 ||    21
Invok: Berserk           |       |     2 ||     2
  Use: Potion            |       |     2 ||     2
 Stab: Sleeping          |       |     1 ||     1
  Eat: Chunk             |     2 |     5 ||     7
Armor: Animal skin       |     9 |    11 ||    20
Dodge: Dodged            |    42 |    41 ||    83

Table legend:
 A = Spawn XP
 B = Non-spawn XP
 C = Spawn XP percentage of total XP
 D = Spawn monster count
 E = Non-spawn monster count
 F = Spawn count percentage of total count
 G = Total turns spent on level
                    A         B        C        D         E        F      G
               +---------+---------+-------+---------+---------+-------+---------
         Total |       0 |     274 |   0.0 |       0 |      67 |   0.0 |  3017
               +---------+---------+-------+---------+---------+-------+---------
           D:1 |       0 |      39 |   0.0 |       0 |      24 |   0.0 |   663
           D:2 |       0 |      29 |   0.0 |       0 |       8 |   0.0 |   960
           D:3 |       0 |     139 |   0.0 |       0 |      29 |   0.0 |  1195
           D:4 |       0 |      67 |   0.0 |       0 |       6 |   0.0 |   199
               +---------+---------+-------+---------+---------+-------+---------
